 Dungeon Crawl Stone Soup version 0.29.1-12-g30fa7ad0bf (webtiles) character file.

Game seed: 12225069754815272224

136 FexLirch the Sneak (level 5, 0/24 HPs)
             Began as a Vine Stalker Enchanter on Jan 10, 2023.
             Was an Initiate of Wu Jian.
             Slain by a gnoll
             ... wielding a +0 flail
              (5 damage)
             ... on level 3 of the Dungeon.
             The game lasted 00:05:00 (3342 turns).

FexLirch the Sneak (Vine Stalker Enchanter)         Turns: 3342, Time: 00:05:01

Health: 0/24       AC:  4    Str: 10    XL:     5   Next: 19%
Magic:  0/9        EV: 11    Int: 17    God:    Wu Jian [......]
Gold:   179        SH:  0    Dex: 15    Spells: 6/8 levels left

rFire   . . .      SeeInvis +   a - +1 dagger
rCold   . . .      Faith    .   (no shield)
rNeg    . . .      Spirit   +   l - +0 leather armour
rPois   .          Reflect  .   g - +0 helmet {SInv}
rElec   .          Harm     .   (no cloak)
rCorr   .          Rampage  .   (no gloves)
Will    .....                   (no boots)
Stlth   +++.......              (no amulet)
HPRegen 0.88/turn               (no ring)
MPRegen 0.11/turn               (no ring)

@: invisible
A: fangs 2, regeneration 1, magic shield, antimagic bite, no potion heal 2
a: Renounce Religion


You were on level 3 of the Dungeon.
You worshipped Wu Jian.
Wu Jian was noncommittal.
You visited 1 branch of the dungeon, and saw 3 of its levels.

You collected 179 gold pieces.

Inventory:

Hand Weapons
 a - a +1 dagger (weapon)
Armour
 b - a +0 robe
 g - a +0 helmet of see invisible (worn)
 l - a +0 leather armour (worn)
Scrolls
 d - a scroll of fear {unknown}
 e - a scroll of enchant weapon {unknown}
 h - a scroll of vulnerability {unknown}
 i - a scroll of teleportation {unknown}
 k - a scroll of identify {unknown}
 m - a scroll of poison {unknown}
 n - a scroll of magic mapping {unknown}
Potions
 c - 2 potions of invisibility
 f - a potion of experience {unknown}
 j - a potion of degeneration {unknown}


   Skills:
 + Level 2.2 Short Blades
 - Level 1.5 Dodging
 + Level 4.9 Stealth
 - Level 2.1 Spellcasting
 + Level 3.8 Hexes
 + Level 2.1 Ice Magic


You had 6 spell levels left.
You knew the following spells:

 Your Spells              Type           Power      Damage    Failure   Level
a - Ensorcelled Hibernat  Hex/Ice        22%        N/A       12%         2

Your spell library contained the following spells:

 Spells                   Type           Power      Damage    Failure   Level
 Confusing Touch          Hex            14%        N/A       16%         3
 Tukima's Dance           Hex            14%        N/A       16%         3
 Dazzling Flash           Conj/Hex       16%        N/A       34%         3


Dungeon Overview and Level Annotations

Branches:
Dungeon (3/15)

Altars:
Ru
Trog
Wu Jian

Shops:
D:1 :


Innate Abilities, Weirdness & Mutations

You have extremely sharp teeth.
Your natural rate of healing is unusually fast.
When hurt, damage is shared between your health and your magic reserves.
Your bite disrupts and absorbs the magic of your enemies.
Potions cannot restore your health.


Message History

You closely miss the kobold. Your bite misses the kobold.
The kobold is severely wounded.
The kobold hits you but does no damage.
You hit the kobold.
You kill the kobold!
The Council accepts your kill.
Things that are here:
a +0 dagger; 3 stones You open the door.
You open the door.
There is an open door here.
There is an open door here.
There is an open door here.
You open the door. You open the door.
There is an open door here.
You open the door.
A gnoll comes into view. It is wielding a +0 flail.
Found a gnoll skeleton.
A gnoll is nearby!
A gnoll is nearby! 3 gnolls come into view.
A gnoll is wielding a +2 halberd of protection.
Found a gnoll skeleton.
The gnoll shouts! x3
There is an open door here.
The gnoll shouts!
The gnoll hits you from afar with a +2 halberd of protection!
The gnoll closely misses you.
You completely miss the gnoll.
The gnoll hits you from afar with a +2 halberd of protection.
The gnoll hits you with a +0 flail! The gnoll hits you with a +0 halberd.
* * * LOW HITPOINT WARNING * * *
Okay, then.
Unknown command.
Okay, then.
Unknown command.
You fade into invisibility!
The gnoll hits you with a +0 flail.
You die...

........#'#######.#..#####.......
........#.# ###.#...###<(......
#####'#.#.# #........##.####...
..†...#.#.# ##.♣♣♣♣♣♣..#.# #...
#######.#.# #..♣÷♣ ♣♣...# #...
........#.# #.##### ♣♣..## #...
#########.####.#.g.# ♣♣..# #...
........#......♣gg.# ♣♣.###...
#######.######.g@8.+ ♣.......
.............#.♣...# ♣♣.(#####
#######.#.#..#.#...# ♣♣...#
#.#.###..##### ♣♣..#.#
#.#.......♣÷♣ ♣♣...#.#
#.#######.♣♣♣♣♣♣....#.# #.#
#........####.# #.#
###...........# #.# #############


You could see 4 gnolls.

Vanquished Creatures
  3 gnolls (D:2)
  4 adders
  A worm (D:3)
  2 orcs (D:3)
  8 ball pythons
  8 endoplasms
  2 giant cockroaches
  3 hobgoblins
  4 jackals (D:2)
  3 quokkas
  5 bats
  4 frilled lizards
  7 goblins
  6 kobolds
  2 rats
62 creatures vanquished.

Notes
Turn   | Place    | Note
-------+----------+-------------------------------------------
     0 | D:1      | FexLirch the Vine Stalker Enchanter began the quest for the
                  | Orb.
     0 | D:1      | Reached XP level 1. HP: 9/9 MP: 4/4
   269 | D:1      | Reached skill level 1 in Short Blades
   453 | D:1      | Reached XP level 2. HP: 9/13 MP: 3/6
   459 | D:1      | Learned a level 2 spell: Ensorcelled Hibernation
   800 | D:1      | Found Ulapozi's Book Boutique.
   825 | D:1      | Reached skill level 4 in Stealth
  1001 | D:1      | Reached skill level 1 in Ice Magic
  1195 | D:2      | Reached XP level 3. HP: 16/16 MP: 7/7
  1743 | D:2      | Gained mutation: Your natural rate of healing is unusually
                  | fast. [Vine Stalker growth]
  1743 | D:2      | Reached XP level 4. HP: 5/21 MP: 1/8
  1924 | D:2      | Found a sacrificial altar of Ru.
  2120 | D:3      | Found a bloodstained altar of Trog.
  2259 | D:3      | Reached XP level 5. HP: 22/24 MP: 6/9
  3014 | D:3      | Found an ornate altar of the Wu Jian Council.
  3050 | D:3      | Became a worshipper of the Wu Jian Council
  3342 | D:3      | Slain by a gnoll

Illustrated notes

Levels and vault maps discovered:
D:1:      nicolae_arrival_somewhat_less_tricky_arrival, layout_basic,
          serial_shops, shop, st_stairs_8
D:2:      layout_rooms, basic_altar, minmay_quadrilaterals
D:3:      layout_basic, bloody_trog, nzn_wu_jian_contemplation,
          dilly_ecumenical_altar_fadedgnrine

Skill      XL: |  1  2  3  4 |
---------------+-------------+-----
Short Blades   | 1 2 |  2.2
Stealth        | 4 |  4.9
Ice Magic      | 1 2 |  2.1
Dodging        | |  1.5
Spellcasting   | |  2.1
Hexes          | |  3.8

Action                   |  1- 3 |  4- 6 || total
-------------------------+-------+-------++-------
Melee: Dagger            |    87 |    65 ||   152
       Bite              |    11 |    15 ||    26
       Punch             |     1 |       ||     1
 Cast: Ensorcelled Hiber |     9 |    14 ||    23
Invok: Lunge             |       |     1 ||     1
  Use: Scroll            |       |     1 ||     1
       Potion            |       |     1 ||     1
 Stab: Sleeping          |    13 |    10 ||    23
       Distracted        |       |     1 ||     1
Armor: Robe              |    20 |     2 ||    22
       Leather armour    |       |     5 ||     5
Dodge: Dodged            |    54 |    46 ||   100
